 Dungeon Crawl Stone Soup version 0.31-a0-631-g285b096dc4 (webtiles) character file.

Game seed: 6996141061213611906

23 Dittersdorf the Shield-Bearer (level 3, -2/23 HPs)
             Began as a Gargoyle Fighter on Aug 25, 2023.
             Engulfed by a cloud of flame (11 damage)
             ... on level 1 of the Dungeon.
             The game lasted 00:00:42 (479 turns).

Dittersdorf the Shield-Bearer (Gargoyle Fighter)     Turns: 479, Time: 00:00:42

Health: -2/23      AC: 10    Str: 21    XL:     3   Next: 0%
Magic:  3/3        EV:  9    Int:  8    God:
Gold:   13         SH:  4    Dex:  9    Spells: 2/2 levels left

rFire   + . .        a - +0 flail
rCold   x . .        c - +0 buckler
rNeg    + . .        b - +0 scale mail
rPois   ∞            (no helmet)
rElec   +            (no cloak)
rCorr   .            (no gloves)
SInv    .            (no boots)
Will    .....        (no amulet) Stlth
                     e - ring of fire
HPRegen 0.23/turn    (no ring)
MPRegen 0.08/turn

%: no passive effects
@: no status effects
A: sickness immunity, AC +3, negative energy resistance 1, electricity
resistance, torment resistance 1, petrification resistance
a: no special abilities


You were on level 1 of the Dungeon.
You visited 1 branch of the dungeon, and saw 1 of its levels.

You collected 13 gold pieces.

Inventory:

Hand Weapons
 a - a +0 flail (weapon)
Armour
 b - a +0 scale mail (worn)
 c - a +0 buckler (worn)
Jewellery
 e - a ring of fire (left hand)
Scrolls
 f - a scroll of torment {unknown}
 i - a scroll of butterflies {unknown}
Potions
 d - a potion of might
 g - a potion of curing {unknown}
 h - a potion of heal wounds {unknown}


   Skills:
 + Level 3.6 Fighting
 + Level 2.3 Maces & Flails
 + Level 3.6 Armour
 + Level 3.6 Shields


You had 2 spell levels left.
You didn't know any spells.
Your spell library was empty.

Dungeon Overview and Level Annotations

Branches:
Dungeon (1/15)

Altars:


Innate Abilities, Weirdness & Mutations

You are immune to sickness and miasma.
Your stone body is resilient. (AC +3)
You are immune to poison.
You resist negative energy. (rN+)
You are resistant to electric shocks. (rElec)
You are resistant to unholy torment.
You are immune to petrification.


Message History

No target in view!
No target in view!
Found a stone staircase leading down.
You see here a +0 club.
There is a stone staircase leading down here.
A bat comes into view.
A rat and a goblin come into view.
The goblin shouts!
The bat closely misses you.
You barely miss the bat. The bat closely misses you. The bat barely misses you.
The rat closely misses you. The bat hits you but does no damage.
The rat bites you but does no damage.
You barely miss the bat. The bat closely misses you.
The bat hits you but does no damage. The rat barely misses you.
You thump the bat!
You kill the bat!
The rat bites you but does no damage.
You sock the rat!
You kill the rat!
The goblin hits you but does no damage.
You closely miss the goblin. The goblin hits you but does no damage.
You closely miss the goblin. The goblin hits you but does no damage.
You thump the goblin!
You kill the goblin!
You have reached level 3!
Your experience leads to an increase in your attributes!
Increase (S)trength, (I)ntelligence, or (D)exterity?
You feel stronger. x2
Things that are here:
a +0 club; a goblin corpse
Things that are here:
a +0 club; a goblin corpse
Found 6 darts of dispersal.
You're in a travel-excluded area, stopping explore.
You feel more attuned to fire.
e - a ring of fire (left hand)
You are engulfed in blazing flames.
You resist.
Ouch! That really hurt!
You are engulfed in blazing flames.
You resist.
You die...

##....#
#.......#.... ####.#
#...........† #.#
######.....#.
#####.# #.....#.
#.....#### #.....#.
#.###....## #.....#.
###...# #.....#.
#§§☼# #.....#. #@☼○#
######## #§§○# #
#...# #########
...$.. #.......#
......☼☼ #........
§.(:/.§.§.#........
###...######........
#.§.# #.##......
#.##....#.


There were no monsters in sight!

Vanquished Creatures
  2 dart slugs (D:1)
  A bat (D:1)
  2 giant cockroaches (D:1)
  2 goblins (D:1)
  A hobgoblin (D:1)
  3 jackals (D:1)
  4 ball pythons (D:1)
  3 kobolds (D:1)
  A rat (D:1)
19 creatures vanquished.

Notes
Turn   | Place    | Note
-------+----------+-------------------------------------------
     0 | D:1      | Dittersdorf the Gargoyle Fighter began the quest for the
                  | Orb.
     0 | D:1      | Reached XP level 1. HP: 14/14 MP: 1/1
   216 | D:1      | Reached XP level 2. HP: 19/19 MP: 2/2
   456 | D:1      | Reached XP level 3. HP: 23/23 MP: 3/3
   479 | D:1      | Engulfed by a cloud of flame

Illustrated notes

Levels and vault maps discovered:
D:1:      dpeg_arrival_more_subterranean_lakeside_camping, layout_basic,
          lemuel_flame_loot_1

Action                     || total
---------------------------++-------
  Melee: Flail             ||    87
 Armour: Scale mail        ||    62
  Dodge: Dodged            ||    50
  Block: Buckler           ||    13

Table legend: (Time is in decaauts)
 A = Elapsed time spent in this place.
 B = Non-inter-level travel time spent in this place.
 C = Inter-level travel time spent in this place.
 D = Time resting spent in this place.
 E = Time spent auto-exploring this place.
 F = Levels seen in this place.
 G = Mean time per level.
                   A        B        C        D        E       F      G
               +--------+--------+--------+--------+--------+-----+--------+
         Total |    507 |    507 |      0 |     21 |    318 |   1 |  507.0 |
       Dungeon |    507 |    507 |      0 |     21 |    318 |   1 |  507.0 |
               +--------+--------+--------+--------+--------+-----+--------+

Top non-repeatable levels by time:
     D:1: 507 daAuts
